 Seeded DCSS version 0.28.0-62-gf88900778d (webtiles) character file.

Game seed: 6652734874546685307 (custom seed)

2389 cbfl8 the Chopper (level 9, 0/65 HPs)
             Began as a Demonspawn Fighter on June 30, 2023.
             Slain by an orc warrior
             ... wielding a +0 hand axe
              (6 damage)
             ... in a bailey.
             The game lasted 00:09:12 (8125 turns).

cbfl8 the Chopper (Demonspawn Fighter)              Turns: 8125, Time: 00:09:13

Health: 0/65       AC: 14    Str: 23    XL:     9   Next: 22%
Magic:  13/13      EV:  8    Int:  4    God:
Gold:   314        SH: 10    Dex: 17    Spells: 8/8 levels left

rFire   . . .      SeeInvis +   w - +6 hand axe "Giant's Peril" {flame, rPois rC+ rCorr Int-5}
rCold   + . .      Faith    .   c - +0 buckler
rNeg    . . .      Spirit   .   x - +0 plate armour
rPois   +          Reflect  +   (helmet restricted)
rElec   .          Harm     .   (no cloak)
rCorr   +          Rampage  .   k - +0 pair of gloves
Will    .....                   b - +0 pair of boots
Stlth   ..........              j - amulet of reflection
HPRegen 0.20/turn               e - +6 ring of strength
MPRegen 0.13/turn               l - ring of see invisible

@: mighty, about to teleport
A: antennae 2, powered by death 1, sturdy frame 1
a: no special abilities


You were in a bailey.
You visited 1 branch of the dungeon, and saw 6 of its levels.
You also visited: Bailey.

You collected 1037 gold pieces.
You spent 723 gold pieces at shops.

Inventory:

Hand Weapons
 a - a +0 war axe
 h - a +0 broad axe
 w - the +6 hand axe "Giant's Peril" (weapon) {flame, rPois rC+ rCorr Int-5}
   (You took it off an orc warrior in a bailey)

   It burns those it strikes, dealing additional fire damage.
   Big, fiery blades are also staple armaments of hydra-hunters.
   Int:       It affects your intelligence (-5).
   rC:        It protects you from cold.
   rPois:     It protects you from poison.
   rCorr:     It protects you from acid and corrosion.
Armour
 b - a +0 pair of boots (worn)
 c - a +0 buckler (worn)
 k - a +0 pair of gloves (worn)
 x - a +0 plate armour (worn)
Jewellery
 e - a +6 ring of strength (left hand)
 j - an amulet of reflection (around neck)
 l - a ring of see invisible (right hand)
Wands
 o - a wand of iceblast (3) (quivered)
 t - a wand of polymorph (5)
Scrolls
 g - a scroll of magic mapping
 i - 5 scrolls of fog
 m - a scroll of teleportation
 n - a scroll of holy word
 p - a scroll of enchant armour
 y - a scroll of enchant weapon {unknown}
Potions
 f - 5 potions of curing
 q - a potion of mutation {unknown}
 r - a potion of degeneration {unknown}
 v - a potion of brilliance {unknown}
 z - a potion of haste {unknown}


   Skills:
 + Level 4.2 Fighting
 * Level 7.2 Axes
 + Level 4.0 Armour
 * Level 3.2 Dodging
 * Level 3.7 Stealth
 + Level 3.6 Shields
 * Level 5.3 Invocations
 * Level 4.0 Evocations


You had 8 spell levels left.
You didn't know any spells.
Your spell library contained the following spells:

 Spells                   Type           Power      Damage    Failure   Level
 Animate Dead             Necr           0%         N/A       100%        4
 Borgnjor's Vile Clutch   Necr/Erth      0%         N/A       100%        5
 Death Channel            Necr           0%         N/A       100%        6


Dungeon Overview and Level Annotations

Branches:
Dungeon (7/15)             Temple (0/1) D:7          Bailey (1/1)

Altars:
Xom

Shops:
D:2 !   D:5 (=**

Annotations:
D:4 3 runed translucent doors, Lutefisk's ghost, amateur BaSu; cbfl8's ghost, amateur MiAK; cbfl8's ghost, amateur MiFi


Innate Abilities, Weirdness & Mutations

You have a pair of antennae on your head.
You regenerate a little health from kills.
Your movements are slightly less encumbered by armour. (ER -2)


Message History

The orc knight is moderately wounded.
The orc knight no longer looks unusually strong.
You feel very mighty all of a sudden.
The orc knight hits you with a +0 war axe.
You barely miss the orc knight.
The orc knight is moderately wounded.
The orc knight hits you but does no damage.
You hit the orc knight. You burn the orc knight.
The orc knight is moderately wounded.
The orc knight hits you with a +0 war axe!!
You miss the orc knight.
The orc knight is moderately wounded.
You block the orc knight's attack.
Aiming: Iceblast
Press: ? - help, Q - select action, (/) - cycle Shift-Dir - straight line, p - orc knight The mass of ice explodes!
The iceblast engulfs the orc knight!
The orc knight is moderately wounded.
The orc knight hits you with a +0 war axe!
* * * LOW HITPOINT WARNING * * *
Aiming: Iceblast
Press: ? - help, Q - select action, (/) - cycle Shift-Dir - straight line The mass of ice explodes!
The iceblast engulfs the orc knight!
The orc knight is heavily wounded.
The orc knight hits you with a +0 war axe!
* * * LOW HITPOINT WARNING * * *
Blink to where?
Press: ? - help, Dir - move target An orc warrior comes into view.
It is wielding a +0 hand axe.
As you read the scroll of blinking, it crumbles to dust.
The orc warrior shouts!
The orc warrior hits you but does no damage.
You block the orc warrior's attack.
Things that are here:
a +0 hand axe; a +0 leather armour The orc knight roars a battlecry!
The orc warrior goes into a battle-frenzy!
As you read the scroll of teleportation, it crumbles to dust.
You feel strangely unstable.
The orc warrior hits you with a +0 hand axe.
You die...

♣♣##'''##♣♣ ##.....##
#.......# ##.......##
#.........# ##.........##
#######.....⌠.....#######
##..)..##.........##.....##
#...)...'.o...o@..'.).....#
##...))).##.......##)).....##
#..§......#.......#)))......#
#.........##.....##.........##
...))⌠.....#######.....⌠.....#
#.........## { ##..)......##
#.........# #.........#
##.)[....## ##.......##
#.......# { #.......#


You could see an orc knight and an orc warrior (strong).

Vanquished Creatures
  An orc knight (Bailey)
  Sigmund (D:4)
  9 orc warriors (Bailey)
  2 necrophages (D:5)
  An ogre (D:5)
  A bullfrog (D:7)
  A wyvern skeleton (D:7)
  A jelly (D:5)
  2 hounds (D:5)
  A bullfrog skeleton (D:4)
  3 iguanas
  2 orc wizards (D:3)
  A hound zombie (D:5)
  A hound skeleton (D:4)
  Robin (D:2)
  3 gnolls (Bailey)
  2 adders (D:2)
  7 river rats (D:5)
  3 worms
  A dart slug (D:4)
  20 orcs
  5 endoplasms
  3 giant cockroaches
  31 goblins
  17 hobgoblins
  4 jackals (D:2)
  7 kobolds
  8 quokkas
  7 ball pythons
  5 bats
  5 frilled lizards
  A quokka skeleton (D:4)
  20 rats
177 creatures vanquished.

Vanquished Creatures (others)
  4 withered plants (D:4)
4 creatures vanquished.

Grand Total: 181 creatures vanquished

Notes
Turn   | Place    | Note
-------+----------+-------------------------------------------
     0 | D:1      | cbfl8 the Demonspawn Fighter began the quest for the Orb.
     0 | D:1      | Reached XP level 1. HP: 18/18 MP: 1/1
   235 | D:1      | Gained mutation: You have a pair of small antennae on your
                  | head. [demonic ancestry]
   235 | D:1      | Reached XP level 2. HP: 24/24 MP: 2/2
   277 | D:1      | Found a faded altar of an unknown god.
   331 | D:1      | Reached skill level 2 in Axes
  1378 | D:2      | Reached XP level 3. HP: 22/29 MP: 3/3
  1451 | D:2      | Found Kasukam's Distillery.
  1459 | D:2      | Bought a potion of curing for 36 gold pieces
  1511 | D:2      | Reached skill level 1 in Evocations
  1516 | D:2      | Reached skill level 1 in Invocations
  1571 | D:2      | Found a shimmering altar of Xom.
  1723 | D:2      | Noticed Robin
  2089 | D:3      | Gained mutation: Your movements are slightly less
                  | encumbered by armour. (ER -2) [demonic ancestry]
  2089 | D:3      | Reached XP level 4. HP: 24/35 MP: 4/4
  2295 | D:2      | Killed Robin
  3000 | D:3      | Reached skill level 3 in Axes
  3000 | D:3      | Reached skill level 1 in Stealth
  3002 | D:3      | Reached skill level 1 in Dodging
  3002 | D:3      | Reached XP level 5. HP: 31/41 MP: 4/6
  4150 | D:4      | Found a runed translucent gate.
  4150 | D:4      | Found a runed translucent gate.
  4150 | D:4      | Found a runed translucent gate.
  4152 | D:4      | Noticed Lutefisk's ghost (amateur BaSu)
  4152 | D:4      | Noticed cbfl8's ghost (amateur MiAK)
  4152 | D:4      | Noticed cbfl8's ghost (amateur MiFi)
  4335 | D:4      | Noticed Sigmund
  4375 | D:4      | Killed Sigmund
  4376 | D:4      | Reached skill level 4 in Axes
  4376 | D:4      | Gained mutation: You regenerate a little health from kills.
                  | [demonic ancestry]
  4376 | D:4      | Reached XP level 6. HP: 13/47 MP: 7/7
  4950 | D:4      | Identified a scroll of acquirement
  4950 | D:4      | Acquired 749 gold pieces
  4973 | D:5      | Entered Level 5 of the Dungeon
  5099 | D:5      | Found Venguj's General Store.
  5104 | D:5      | Bought 3 scrolls of blinking for 315 gold pieces
  5119 | D:5      | Reached XP level 7. HP: 49/52 MP: 9/9
  5219 | D:5      | Found Huvadwey's General Store.
  5224 | D:5      | Bought a scroll of teleportation for 36 gold pieces
  5224 | D:5      | Bought a scroll of identify for 24 gold pieces
  5224 | D:5      | Bought a wand of mindburst (6) for 120 gold pieces
  5224 | D:5      | Bought a wand of mindburst (12) for 192 gold pieces
  5237 | D:5      | Found Uddoag's Jewellery Emporium.
  5336 | D:5      | Reached skill level 5 in Axes
  5949 | D:5      | Found Etuvav's Weapon Shoppe.
  6272 | D:5      | You fall into a shaft and drop 2 floors!
  6322 | D:7      | Gained mutation: You have a pair of antennae on your head.
                  | [demonic ancestry]
  6322 | D:7      | Reached XP level 8. HP: 37/60 MP: 10/10
  6476 | D:7      | Found a flagged portal.
  6490 | Bailey   | Entered a bailey
  6580 | Bailey   | Reached skill level 6 in Axes
  7764 | Bailey   | Identified the +6 hand axe "Giant's Peril" {flame, rPois
                  | rC+ rCorr Int-5}
  7789 | Bailey   | Reached skill level 5 in Invocations
  8083 | Bailey   | Noticed an orc knight
  8103 | Bailey   | Noticed an orc knight
  8108 | Bailey   | Killed an orc knight
  8109 | Bailey   | Reached skill level 7 in Axes
  8109 | Bailey   | Reached XP level 9. HP: 42/65 MP: 11/13
  8125 | Bailey   | Slain by an orc warrior

Illustrated notes

Levels and vault maps discovered:
D:1:      wander_arrival_lonely_grave, layout_basic,
          chequers_ecumenical_altar_island, moated_statue, minmay_box_of_dots
D:2:      layout_loops_corners, basic_altar, serial_shops, shop,
          minmay_diced_spiral, uniq_robin
D:3:      layout_rooms, serial_co_window_serial, co_window_paths_a,
          co_window_paths_a, co_window_corner_a, co_window_cross_1,
          co_window_paths_b, co_window_unsneaky_path_d, co_window_corner_b,
          co_window_broadway_c, co_window_broadway_a, co_window_2corner,
          co_window_unsneaky_path_d, glass_columns_b, glass_columns_b,
          glass_columns_a, glass_columns_a, minivault_27, corexii_shack
D:4:      layout_rooms, gammafunk_ghost_cemetery, minmay_misc_feat_diagonals,
          hangedman_abyss_or_decor_lesser_grid, uniq_sigmund
D:5:      lemuel_ratsnest, layout_layer_cave, serial_shops,
          nicolae_stop_n_shop_2, nicolae_stop_n_shop_2, shop_fountains,
          nicolae_shop_trees
D:7:      layout_rooms, minmay_temple_entry_drinking_statues, enter_bailey_5
Bailey:   bailey_axe_minmay_hex_keep, bailey

Skill      XL: |  1  2  3  4  5  6  7  8 |
---------------+-------------------------+-----
Axes           | 2 3 4 5 7 |  7.2
Evocations     | 1 2 4 |  4.0
Invocations    | 1 2 3 5 |  5.3
Armour         | 3 4 |  4.0
Stealth        | 1 2 3 |  3.7
Dodging        | 1 2 3 |  3.2
Shields        | 3 |  3.6
Fighting       | 4 |  4.2

Action                   |  1- 3 |  4- 6 |  7- 9 || total
-------------------------+-------+-------+-------++-------
Melee: War axe           |    90 |   137 |   254 ||   481
       Hand axe          |       |       |    32 ||    32
Evoke: Wand              |       |       |    22 ||    22
  Use: Scroll            |     3 |     3 |    11 ||    17
       Potion            |       |     2 |     5 ||     7
Armor: Scale mail        |    12 |       |       ||    12
       Chain mail        |    53 |    68 |   108 ||   229
       Plate armour      |       |       |     6 ||     6
Dodge: Dodged            |    46 |    58 |   103 ||   207
Block: Buckler           |    20 |    21 |   121 ||   162
       Reflection        |       |       |     4 ||     4
